 Dungeon Crawl Stone Soup version 0.20-a0-537-g052e6ba (webtiles) character file.

14677 Devintownsend the Severer (level 11, -1/102 HPs)
             Began as a Minotaur Fighter on Jan 27, 2017.
             Was a High Priest of Okawaru.
             Slain by a nine-headed hydra (6 damage)
             ... on level 1 of the Lair of Beasts on Jan 28, 2017.
             The game lasted 00:47:30 (10341 turns).

Devintownsend the Severer (Minotaur Fighter)       Turns: 10341, Time: 00:47:31

Health: -1/102     AC: 15    Str: 23    XL:     11   Next: 91%
Magic:  10/10      EV: 10    Int:  5    God:    Okawaru [*****.]
Gold:   325        SH:  7    Dex: 11    Spells: 10/10 levels left

rFire    . . .     SeeInvis .   w - +4 hand axe
rCold    . . .     Gourm    .   b - +0 scale mail
rNeg     . . .     Faith    .   J - +3 buckler {AC+3}
rPois    +         Spirit   .   (helmet restricted)
rElec    .         Reflect  .   L - +0 cloak {+Inv}
rCorr    .         Harm     .   t - +0 pair of gloves
MR       .....                  (no boots)
Stlth    +.........             P - amulet of rage
Regen    0.3/turn               q - ring of poison resistance
                                N - ring "Rigeg" {Wiz Stlth+}

@: no status effects
A: retaliatory headbutt, horns 2
a: Heroism, Finesse, Renounce Religion, Evoke Berserk Rage, Evoke Invisibility


You were on level 1 of the Lair of Beasts.
You worshipped Okawaru.
Okawaru was extremely pleased with you.
You were not hungry.

You visited 3 branches of the dungeon, and saw 11 of its levels.

You collected 619 gold pieces.
You spent 294 gold pieces at shops.

Inventory:

Hand Weapons
 a - a +1 war axe
 h - a +0 vampiric whip
 w - a +4 hand axe (weapon)
 y - a +2 mace of holy wrath
Missiles
 C - a curare-tipped needle
Armour
 b - a +0 scale mail (worn)
 t - a +0 pair of gloves (worn)
 x - a +2 cloak
 G - a +0 troll leather armour
 J - a +3 buckler of protection (worn)
 L - a +0 cloak of invisibility (worn)
Magical Staves
 M - a cursed staff of energy {unknown}
Jewellery
 g - the ring of Divine Intervention {Str+5 Dex+7 Stlth+}
   (You found it on level 6 of the Dungeon)

   [ring of strength]

   It affects your strength (+5).
   It affects your dexterity (+7).
   It makes you more stealthy.
 q - a ring of poison resistance (right hand)
 H - an uncursed ring of teleportation
 K - an uncursed ring of see invisible
 N - the ring "Rigeg" (left hand) {Wiz Stlth+}
   (You found it on level 9 of the Dungeon)

   [ring of wizardry]

   It improves your spell success rate.
   It makes you more stealthy.
 P - an amulet of rage (around neck)
Wands
 r - a wand of enslavement (3/24)
 F - a wand of lightning (8/15)
 I - a wand of disintegration (12/24)
Scrolls
 c - 2 scrolls of amnesia {unknown}
 e - 3 scrolls of remove curse
 i - a scroll of magic mapping
 l - 8 scrolls of identify
 o - 2 scrolls of recharging
 p - 2 scrolls of enchant armour
 v - a scroll of fear
 R - a scroll of blinking {unknown}
Potions
 d - a potion of might
 j - 3 potions of curing
 m - 5 potions of heal wounds {unknown}
 n - a potion of ambrosia {unknown}
 s - 2 potions of cure mutation {unknown}
 u - 2 potions of lignification {unknown}
 z - a potion of degeneration {unknown}
 B - a potion of invisibility
 E - a potion of mutation {unknown}
 O - a potion of berserk rage
Books
 A - a book of Changes

   Spells                             Type                      Level
   a - Beastly Appendage              Transmutation                1
   b - Sticks to Snakes               Transmutation                2
   c - Spider Form                    Transmutation/Poison         3
   d - Ice Form                       Ice/Transmutation            4
   e - Blade Hands                    Transmutation                5
Comestibles
 f - 4 bread rations
 k - 7 meat rations
 D - 10 royal jellies
 Q - a chunk of flesh


   Skills:
 + Level 11.2 Fighting
 + Level 15.2 Axes
 * Level 13.1 Armour
 - Level 0.1 Stealth
 - Level 4.0 Shields


You had 10 spell levels left.
You didn't know any spells.

Dungeon Overview and Level Annotations

Branches:
Dungeon (9/15)             Temple (1/1) D:5            Lair (1/6) D:9
    Orc: D:9-12

Altars:
Ashenzari
Cheibriados
Dithmenos
Elyvilon
Fedhas
Gozag
Hepliaklqana
Kikubaaqudgha
Makhleb
Nemelex Xobeh
Okawaru
Qazlal
Ru
Sif Muna
Trog
Uskayaw
Vehumet
Xom
Yredelemnul
Zin
The Shining One

Shops:
D:8 [

Annotations:
D:5 1 exclusion
D:6 a5tp's ghost, novice NaFi


Innate Abilities, Weirdness & Mutations

You reflexively headbutt those who attack you in melee.
You have a pair of horns on your head.


Message History

You hit the porcupine.
You kill the porcupine!
Okawaru accepts your kill.
You lop one of the eight-headed hydra's heads off!
The seven-headed hydra grows two more!
You slash the nine-headed hydra! The porcupine completely misses you.
You furiously retaliate!
You headbutt the porcupine!
There is a staircase back to the Dungeon, spattered with blood here.
The nine-headed hydra misses you.
You block the nine-headed hydra's attack.
The nine-headed hydra closely misses you.
The nine-headed hydra bites you!
* * * LOW HITPOINT WARNING * * *
The nine-headed hydra bites you!
* * * LOW HITPOINT WARNING * * *
The nine-headed hydra bites you.
* * * LOW HITPOINT WARNING * * *
The nine-headed hydra bites you but does no damage.
The nine-headed hydra bites you.
You die...

###.###P#.....#.# #
##P.............##
##.###...#######......########
........##########............
........###.....####..........
.......#.#.......###..........
####....#.........#..#...####.
#....#..........#.....# ##
#....#....@D...##.....## #
#...##.....r...##D#....# #
#.... #.........##.....## #
##... ##.......###.....# #
#... ##.....## #.....#####
.... ####.## #..#........ ##.
#..##........ ....# #........
..## #...##.#.


You could see a nine-headed hydra and a porcupine.

Vanquished Creatures
  4 two-headed ogres (D:9)
  The ghost of wearedevo the Fighter, a novice DsFi of Uskayaw (D:9)
  Nergalle (Lair:1)
  Pikel (D:8)
  The ghost of a5tp the Basher, a novice GrFi of Hepliaklqana (D:8)
  2 black mambas (D:8)
  4 spiny frogs (Lair:1)
  A rime drake (Lair:1)
  A komodo dragon (Lair:1)
  A troll (D:9)
  2 hornets (D:8)
  3 hippogriffs
  7 yaks
  2 basilisks (D:9)
  3 hungry ghosts
  A soldier ant (D:8)
  3 water moccasins
  2 porcupines (Lair:1)
  A black bear (Lair:1)
  3 sky beasts
  2 phantoms
  7 ogres
  A necrophage (D:9)
  An orc warrior (D:9)
  3 crocodiles
  2 centaurs
  The ghost of Asddderdsw the Insei, an amateur OpTm (D:4)
  12 big kobolds
  A bullfrog (D:7)
  A wyvern skeleton (D:9)
  A scorpion (D:6)
  4 killer bees (D:7)
  6 howler monkeys
  2 electric eels (D:6)
  4 crimson imps
  A bullfrog zombie (D:8)
  A centaur zombie (D:9)
  3 orc priests
  A jelly (D:9)
  2 hounds
  2 iguanas (D:7)
  7 orc wizards
  7 worker ants
  Ijyb (D:3)
  A hound zombie (D:7)
  2 hound skeletons
  A howler monkey skeleton (D:4)
  6 gnolls
  3 adders
  2 shadow imps (D:7)
  An adder skeleton (D:9)
  3 worms
  3 dart slugs
  4 leopard geckos
  22 orcs
  A ball python (D:2)
  7 bats
  A giant cockroach (D:2)
  6 goblins
  9 hobgoblins
  9 jackals
  62 kobolds
  5 quokkas
  3 frilled lizards
  5 rats
273 creatures vanquished.

Vanquished Creatures (others)
  A basilisk (D:8)
  2 slaves (D:8)
  A hound zombie (D:8)
  An adder (D:9)
5 creatures vanquished.

Grand Total: 278 creatures vanquished

Notes
Turn   | Place    | Note
-------+----------+-------------------------------------------
     0 | D:1      | Devintownsend the Minotaur Fighter began the quest for the Orb.
     0 | D:1      | Reached XP level 1. HP: 19/19 MP: 0/0
   145 | D:1      | Reached XP level 2. HP: 21/27 MP: 1/1
   977 | D:2      | Found a shadowy altar of Dithmenos.
  1001 | D:2      | Reached XP level 3. HP: 33/33 MP: 2/2
  1104 | D:2      | Reached skill level 3 in Axes
  1749 | D:3      | Reached XP level 4. HP: 41/41 MP: 3/3
  1755 | D:3      | Noticed Ijyb
  1765 | D:3      | Killed Ijyb
  2210 | D:3      | Reached skill level 4 in Axes
  2271 | D:3      | Noticed a big kobold
  2271 | D:3      | Noticed a big kobold
  2271 | D:3      | Noticed a big kobold
  2274 | D:3      | Killed a big kobold
  2274 | D:3      | Reached skill level 5 in Armour
  2274 | D:3      | Reached XP level 5. HP: 40/47 MP: 4/4
  2284 | D:3      | Reached skill level 5 in Axes
  2286 | D:3      | Reached XP level 6. HP: 37/55 MP: 5/5
  2341 | D:3      | Reached skill level 5 in Fighting
  2403 | D:3      | Reached skill level 6 in Axes
  2457 | D:3      | Reached skill level 7 in Axes
  2457 | D:3      | Reached XP level 7. HP: 39/61 MP: 6/6
  2879 | D:4      | Noticed Asddderdsw's ghost (amateur OpTm)
  2901 | D:4      | Killed Asddderdsw's ghost
  2901 | D:4      | Reached skill level 8 in Axes
  3244 | D:4      | Found a hide-covered altar of Uskayaw.
  3382 | D:4      | Reached XP level 8. HP: 61/70 MP: 7/7
  3692 | D:5      | Entered Level 5 of the Dungeon
  3888 | D:5      | Reached skill level 9 in Axes
  4386 | D:5      | Found a staircase to the Ecumenical Temple.
  4392 | Temple   | Entered the Ecumenical Temple
  4450 | Temple   | Became a worshipper of Warmaster Okawaru
  4598 | D:6      | Noticed a5tp's ghost (novice NaFi)
  4656 | D:6      | Got a smoking lead ring
  4657 | D:6      | Identified the ring of Divine Intervention {Str+5 Dex+7 Stlth+} (You found it on level 6 of the Dungeon)
  4871 | D:6      | Reached skill level 10 in Axes
  5797 | D:7      | Reached * piety under Okawaru
  5805 | D:7      | Reached XP level 9. HP: 68/79 MP: 8/8
  5931 | D:7      | Reached skill level 11 in Axes
  6288 | D:8      | Noticed a5tp's ghost (novice GrFi)
  6310 | D:8      | Killed a5tp's ghost
  6310 | D:8      | Reached ** piety under Okawaru
  6310 | D:8      | Reached skill level 12 in Axes
  6566 | D:8      | Noticed Pikel
  6574 | D:8      | Killed Pikel
  6574 | D:8      | Reached *** piety under Okawaru
  6633 | D:8      | Reached XP level 10. HP: 90/90 MP: 9/9
  6794 | D:8      | Found Poirez's Antique Armour Emporium.
  6806 | D:8      | Bought a shiny buckler for 294 gold pieces
  7149 | D:9      | Found a staircase to the Lair.
  7214 | D:9      | Reached skill level 13 in Axes
  7282 | D:9      | Noticed a two-headed ogre
  7286 | D:9      | Killed a two-headed ogre
  7286 | D:9      | Reached **** piety under Okawaru
  7286 | D:9      | Reached skill level 10 in Armour
  7408 | D:9      | Noticed wearedevo's ghost (novice DsFi)
  7432 | D:9      | Killed wearedevo's ghost
  7452 | D:9      | Noticed a two-headed ogre
  7464 | D:9      | Killed a two-headed ogre
  7464 | D:9      | Reached ***** piety under Okawaru
  7464 | D:9      | Reached skill level 14 in Axes
  7539 | D:9      | Noticed a two-headed ogre
  7561 | D:9      | Killed a two-headed ogre
  7561 | D:9      | Reached XP level 11. HP: 57/99 MP: 10/10
  7957 | D:9      | Noticed a two-headed ogre
  7970 | D:9      | Killed a two-headed ogre
  7970 | D:9      | Received a gift from Okawaru
  7970 | D:9      | Reached skill level 10 in Fighting
  8165 | D:9      | Got a brightly glowing copper ring
  8542 | D:9      | Identified the ring "Rigeg" {Wiz Stlth+} (You found it on level 9 of the Dungeon)
  8597 | Lair:1   | Entered Level 1 of the Lair of Beasts
  9348 | D:8      | Reached skill level 15 in Axes
  9695 | Lair:1   | Noticed Nergalle
  9716 | Lair:1   | Killed Nergalle
 10266 | Lair:1   | Noticed a seven-headed hydra
 10341 | Lair:1   | HP: 5/102 [nine-headed hydra (2)]
 10341 | Lair:1   | Slain by a nine-headed hydra

Vault maps used:
D:1:      kennysheep_arrival_forest, minivault_14
D:2:      serial_forest, infiniplex_forest_end_3, infiniplex_forest_clump_small,
          infiniplex_forest_clump_small, infiniplex_forest_clump_double,
          infiniplex_forest_straight_4, infiniplex_forest_end_1,
          infiniplex_forest_clump_curved, grunt_dithmenos_smoke_and_mirrors
D:3:      minmay_goblin_kobold_castle, feat_on_display, uniq_iyjb
D:4:      kennysheep_mini_moat
D:5:      minmay_temple_entry_nine_rooms, first_bread,
          minmay_misc_feat_nine_boxes
D:6:      serial_bayou_lagoon_b
D:8:      serial_shops, nicolae_shop_trees, hangedman_pestilent_swarm,
          uniq_pikel
D:9:      david_lair_generic, hangedman_decor_clover_reticule,
          serial_park_tiny_2
Temple:   regret_index_temple_chain_breaker
Lair:1:   cheibrodos_lair_reptile_den, grunt_megastairs_5, uniq_nergalle

Skill      XL: |  1  2  3  4  5  6  7  8  9 10 11 |
---------------+----------------------------------+-----
Armour         | 4 5 6 7 9 11 13 | 13.1
Shields        | 4 |  4.0
Fighting       | 4 5 6 7 8 9 11 | 11.2
Axes           | 3 4 5 7 8 10 12 14 15 | 15.2
Stealth        | |  0.1

Action                   |  1- 3 |  4- 6 |  7- 9 | 10-12 || total
-------------------------+-------+-------+-------+-------++-------
Melee: War axe           |    91 |   106 |   254 |   128 ||   579
       Headbutt          |    10 |    18 |    60 |   105 ||   193
       Hand axe          |       |       |       |   228 ||   228
  Use: Scroll            |       |       |     7 |     3 ||    10
       Potion            |       |       |     1 |     2 ||     3
  Eat: Bread ration      |     1 |       |     1 |       ||     2
       Chunk             |       |       |     9 |     7 ||    16
       Fruit             |       |       |       |     3 ||     3
       Meat ration       |       |       |       |     1 ||     1
Armor: Scale mail        |    39 |    73 |    86 |   145 ||   343
Dodge: Dodged            |    42 |    51 |    67 |   118 ||   278
Block: Shield            |    48 |   106 |   128 |     1 ||   283
       Buckler           |       |       |       |   104 ||   104
